 Dungeon Crawl Stone Soup version 0.31-a0-446-g07c4bd200f (webtiles) character file.

Game seed: 10422578311455829440

84 MacCMillion the Ruffian (level 4, -2/37 HPs)
             Began as a Draconian Shapeshifter on Aug 3, 2023.
             Slain by a gnoll
             ... wielding a +0 club
              (8 damage)
             ... on level 2 of the Dungeon.
             The game lasted 00:01:55 (982 turns).

MacCMillion the Ruffian (Draconian Shapeshifter)     Turns: 982, Time: 00:01:56

Health: -2/37      AC:  5    Str: 19    XL:     4   Next: 23%
Magic:  4/4        EV: 12    Int:  8    God:
Gold:   24         SH:  0    Dex: 12    Spells: 3/3 levels left

rFire   . .          .
                       - Unarmed
rCold   . . .        (no shield)
rNeg    . . .        (body armour unavailable)
rPois   .            (helmet currently unavailable)
rElec   .            (cloak currently unavailable)
rCorr   .            (gloves currently unavailable)
SInv    .            (boots currently unavailable)
Will    .....        (no amulet)
Stlth   +            (no ring)
HPRegen 0.26/turn    (no ring)
MPRegen 0.09/turn

%: no passive effects
@: beast-form
A: beast (slay +2), AC +5, unfitting armour, cold-blooded
a: Begin Untransformation


You were on level 2 of the Dungeon.
You were a hulking beast.
You visited 1 branch of the dungeon, and saw 2 of its levels.

You collected 24 gold pieces.

Inventory:

Missiles
 f - a throwing net
 j - 5 curare-tipped darts
Talismans
 b - a beast talisman (active)
Scrolls
 c - 5 scrolls of identify {unknown}
 d - a scroll of fog {unknown}
 g - a scroll of immolation {unknown}
 h - a scroll of poison {unknown}
 k - a scroll of enchant weapon {unknown}
Potions
 a - a potion of lignification
 e - a potion of might {unknown}
 i - 2 potions of enlightenment {unknown}


   Skills:
 + Level 2.6 Fighting
 - Level 1.7 Dodging
 * Level 4.5 Unarmed Combat
 - Level 3.0 Shapeshifting


You had 3 spell levels left.
You didn't know any spells.
Your spell library was empty.

Dungeon Overview and Level Annotations

Branches:
Dungeon (2/15)

Altars:

Shops:
D:1 =


Innate Abilities, Weirdness & Mutations

You are a hulking beast.
Your limbs bulge with bestial killing power. (Slay +2)
Your plain brown scales are hard. (AC +5)
You cannot fit into any form of body armour.
You are cold-blooded and may be slowed by cold attacks.


Message History

The gnoll closely misses you.
You hit the gnoll. You tail-slap the gnoll.
You kill the gnoll!
The gnoll barely misses you.
You barely miss the gnoll. You tail-slap the gnoll.
The gnoll is moderately wounded.
The gnoll hits you with a +0 club.
The gnoll hits you from afar with a +3 halberd!
The gnoll attacks as you move away! The gnoll hits you with a +0 club.
The gnoll attacks as you move away! The gnoll misses you.
You barely miss the gnoll.
The gnoll is moderately wounded.
The gnoll barely misses you. The gnoll barely misses you.
You hit the gnoll.
The gnoll is heavily wounded.
The gnoll misses you. The gnoll barely misses you.
You hit the gnoll.
The gnoll is severely wounded.
You hit the gnoll.
The gnoll is severely wounded.
The gnoll hits you with a +0 club.
* * * LOW HITPOINT WARNING * * *
The gnoll barely misses you.
You barely miss the gnoll.
The gnoll is severely wounded.
The gnoll misses you. The gnoll barely misses you.
You hit the gnoll but do no damage.
The gnoll is severely wounded.
The gnoll completely misses you. The gnoll barely misses you.
You closely miss the gnoll.
Your tail-slap misses the gnoll.
The gnoll is severely wounded.
The gnoll hits you with a +0 club.
* * * LOW HITPOINT WARNING * * *
The gnoll hits you from afar with a +3 halberd.
* * * LOW HITPOINT WARNING * * *
You hit the gnoll but do no damage.
The gnoll is severely wounded.
The gnoll hits you with a +0 club!
You die...

########## #........# #########
#........# ........# #........#
######## #######.#
#........###......#
##.#####..........'......#
######.....#..........##......###
.....'.....))....................
######.....#..g.h...#######......
...........#...g)...#...†.†......
######.....########.#..####<.....
#.....# #.# #..#### ## ##..###
#.# #.... .. #..### #.# #.#### ..
#....##### .# #.. .. #........#
... .. ####...#.# ##.


You could see 2 gnolls.

Vanquished Creatures
  3 gnolls
  2 adders (D:2)
  A worm (D:2)
  2 ball pythons
  2 bats (D:1)
  3 endoplasms
  A giant cockroach (D:2)
  A goblin (D:1)
  A hobgoblin (D:1)
  7 jackals
  3 quokkas
  2 frilled lizards (D:1)
  3 kobolds (D:1)
  3 rats (D:2)
34 creatures vanquished.

Notes
Turn   | Place    | Note
-------+----------+-------------------------------------------
     0 | D:1      | MacCMillion the Draconian Shapeshifter began the quest for
                  | the Orb.
     0 | D:1      | Reached XP level 1. HP: 16/16 MP: 1/1
   150 | D:1      | Reached XP level 2. HP: 19/24 MP: 2/2
   319 | D:1      | Found Hyraff's Jewellery Shop.
   479 | D:1      | Reached XP level 3. HP: 28/29 MP: 3/3
   694 | D:2      | Reached skill level 4 in Unarmed Combat
   876 | D:2      | Reached XP level 4. HP: 36/37 MP: 4/4
   982 | D:2      | Slain by a gnoll

Illustrated notes

Levels and vault maps discovered:
D:1:      dpeg_arrival_three_same_balls, layout_basic, serial_shops, shop,
          columned_hall_lemuel, amcnicky_mini_pool_small
D:2:      layout_basic, st_stairs_6

Skill      XL: |  1  2  3 |
---------------+----------+-----
Fighting       | 2 |  2.6
Unarmed Combat | 4 |  4.5
Dodging        | |  1.7
Shapeshifting  | |  3.0

Action                     |  1- 3 |  4- 6 || total
---------------------------+-------+-------++-------
  Melee: Unarmed           |    87 |    12 ||    99
         Tailslap          |     9 |     4 ||    13
         Punch             |     1 |       ||     1
   Stab: Distracted        |     1 |       ||     1
         Sleeping          |     1 |       ||     1
 Armour: Skin              |    18 |       ||    18
  Dodge: Dodged            |    59 |    12 ||    71

Table legend: (Time is in decaauts)
 A = Elapsed time spent in this place.
 B = Non-inter-level travel time spent in this place.
 C = Inter-level travel time spent in this place.
 D = Time resting spent in this place.
 E = Time spent auto-exploring this place.
 F = Levels seen in this place.
 G = Mean time per level.
                   A        B        C        D        E       F      G
               +--------+--------+--------+--------+--------+-----+--------+
         Total |    975 |    968 |      7 |     85 |    649 |   2 |  487.5 |
       Dungeon |    975 |    968 |      7 |     85 |    649 |   2 |  487.5 |
               +--------+--------+--------+--------+--------+-----+--------+

Top non-repeatable levels by time:
     D:1: 679 daAuts
     D:2: 295 daAuts
